 Dungeon Crawl Stone Soup version 0.32-a0-938-g40ac7a0f4d (webtiles) character file.

Game seed: 8535768830493823922

263 Autsider the Magician (level 5, 0/28 HPs)
             Began as a Deep Elf Hedge Wizard on Apr 15, 2024.
             Slain by Duvessa
             ... wielding a +0 short sword
              (6 damage)
             ... on level 4 of the Dungeon.
             The game lasted 00:12:00 (4319 turns).

Autsider the Magician (Deep Elf Hedge Wizard)       Turns: 4319, Time: 00:12:01

Health: 0/28       AC:  3    Str:  7    XL:     5   Next: 97%
Magic:  4/13       EV: 12    Int: 21    God:
Gold:   184        SH:  0    Dex: 14    Spells: 5/12 levels left

rFire   . . .        (no weapon)
rCold   . . .        (no shield)
rNeg    . . .        b - +0 robe
rPois   .            c - +0 hat
rElec   .            i - +0 cloak
rCorr   .            (no gloves)
SInv    .            (no boots)
Will    .....        (no amulet)
Stlth   +            (no ring)
HPRegen 0.24/turn    (no ring)
MPRegen 0.13/turn

%: no passive effects
@: confused, very slightly contaminated
A: no striking features
a: no special abilities


You were on level 4 of the Dungeon.
You visited 1 branch of the dungeon, and saw 4 of its levels.

You collected 184 gold pieces.

Inventory:

Armour
 b - a +0 robe (worn)
 c - a +0 hat (worn)
 i - a +0 cloak (worn)
Jewellery
 g - a ring of see invisible
 h - a ring of magical power
 o - an amulet of regeneration
Wands
 q - a wand of iceblast (7)
Scrolls
 l - a scroll of noise
 n - a scroll of fog
Potions
 a - 3 potions of lignification
 d - 2 potions of magic
 e - a potion of resistance {unknown}
 f - a potion of cancellation
 j - 2 potions of curing
 k - a potion of heal wounds {unknown}
 p - a potion of mutation {unknown}


   Skills:
 + Level 3.7 Dodging
 + Level 3.9 Stealth
 - Level 4.4 Spellcasting
 - Level 4.0 Conjurations
 - Level 1.1 Summonings
 - Level 1.1 Translocations
 + Level 0.9 Air Magic
 - Level 3.0 Earth Magic
 + Level 0.9 Alchemy


You had 5 spell levels left.
You knew the following spells:

 Your Spells              Type           Power      Damage    Failure   Level
a - Magic Dart            Conj           84%        1d7       2%          1
b - Stone Arrow           Conj/Erth      38%        3d9       9%          3
w - Mephitic Cloud        Conj/Alch/Air  12%        N/A       16%         3

Your spell library contained the following spells:

 Spells                   Type           Power      Damage    Failure   Level
 Blink                    Tloc           18%        N/A       11%         2
 Call Imp                 Summ           18%        N/A       11%         2
 Slow                     Hex            16%        N/A       12%         1
 Mercury Vapours          Alch/Air       16%        N/A       12%         2
 Cigotuvi's Dreadful Rot  Necr/Alch/Air  14%        N/A       14%         2
 Animate Armour           Summ/Erth      26%        N/A       43%         4
 Freezing Cloud           Conj/Ice/Air   5%         6-21      86%         5
 Lehudib's Crystal Spear  Conj/Erth      9%         10d4      100%        8


Dungeon Overview and Level Annotations

Branches:
Dungeon (4/15)
 Temple: D:4-7

Altars:

Annotations:
D:4 Duvessa


Message History

Aim: Duvessa, wielding a +0 short sword and wearing a +0 leather armour (berserk, chance to affect: 81%)
You miscast Mephitic Cloud.
You are very lightly contaminated with residual magic.
Nothing appears to happen.
You are engulfed in noxious fumes.
Duvessa hits you with a +0 short sword. The adder bites you.
Duvessa hits you with a +0 short sword!
* * * LOW HITPOINT WARNING * * *
Unknown command.
Casting: Mephitic Cloud (quite dangerous; 16% risk of failure)
Confirm with . or Enter, or press ? or * to list all spells.
Aiming: Mephitic Cloud (quite dangerous; 16% risk of failure)
Press: ? - help, Shift-Dir - straight line, f/p - Duvessa
Aim: Duvessa, wielding a +0 short sword and wearing a +0 leather armour (berserk, chance to affect: 81%)
The ball explodes into a vile cloud!
The stinking cloud engulfs Duvessa.
The stinking cloud engulfs you.
You are engulfed in noxious fumes.
You choke on the stench!
You are confused.
You hear an angry hiss.
The adder bites you.
* * * LOW HITPOINT WARNING * * *
Duvessa is engulfed in noxious fumes.
Duvessa appears confused.
The adder barely misses you.
You are engulfed in noxious fumes.
You choke on the stench!
You are more confused.
Duvessa is engulfed in noxious fumes.
The adder closely misses you.
Duvessa is engulfed in noxious fumes.
In your confused state, you trip and fall back down the stairs.
* * * LOW HITPOINT WARNING * * *
You are engulfed in noxious fumes.
The adder bites you.
* * * LOW HITPOINT WARNING * * *
You are lethally poisoned!
The adder poisons you!
Duvessa is engulfed in noxious fumes.
Duvessa appears confused.
You feel better.
You are engulfed in noxious fumes.
You choke on the stench!
You are confused.
Duvessa is engulfed in noxious fumes.
The adder closely misses you.
An orc comes into view.
It is wielding a +1 dagger of draining and quivering curare-tipped darts.
Duvessa is engulfed in noxious fumes.
Duvessa appears confused.
Duvessa hits you with a +0 short sword.
You die...

.................###..
###......##### ###
##§###### ####..#
##....## #..#########
##...........
#..).S○......
#.#§e@.......
e.#§○§§...... ##
##☼###..... #. .... #.
... .. .. .. . #.o


You could see Duvessa (berserk, confused), an adder and an orc.

Vanquished Creatures
  Dowan (D:4)
  An orc priest (D:3)
  A bombardier beetle (D:4)
  2 adders (D:3)
  4 gnolls (D:3)
  A ribbon worm (D:2)
  13 orcs
  7 endoplasms
  2 giant cockroaches (D:1)
  7 goblins
  8 hobgoblins
  4 jackals (D:1)
  6 kobolds
  4 quokkas
  8 ball pythons
  3 bats
  2 frilled lizards
  4 rats
78 creatures vanquished.

Notes
Turn   | Place    | Note
-------+----------+-------------------------------------------
     0 | D:1      | Autsider the Deep Elf Hedge Wizard began the quest for the
                  | Orb.
     0 | D:1      | Reached XP level 1. HP: 10/10 MP: 7/7
   236 | D:1      | Reached XP level 2. HP: 15/15 MP: 6/9
   475 | D:1      | Reached skill level 1 in Earth Magic
  1515 | D:2      | Reached XP level 3. HP: 19/19 MP: 5/10
  1694 | D:2      | Learned a level 3 spell: Stone Arrow
  2885 | D:3      | Reached XP level 4. HP: 24/24 MP: 8/12
  3111 | D:3      | Found a faded altar of an unknown god.
  3484 | D:3      | Reached XP level 5. HP: 28/28 MP: 5/13
  4073 | D:4      | Noticed Dowan
  4092 | D:4      | Learned a level 3 spell: Mephitic Cloud
  4101 | D:4      | Killed Dowan
  4313 | D:4      | Noticed Duvessa
  4318 | D:4      | HP: 1/28 [adder (4)]
  4319 | D:4      | Slain by Duvessa

Illustrated notes

Levels and vault maps discovered:
D:1:      shiori_arrival_oz, layout_basic
D:2:      layout_loops_ring, nicolae_twisty_statue_hallways
D:3:      layout_basic, hellmonk_ecumenical_altar_prayer_group,
          hangedman_decor_clover_reticule
D:4:      layout_rooms, uniq_duvessa

Skill      XL: |  1  2  3  4  5 |
---------------+----------------+-----
Conjurations   | 2 3 4 |  4.0
Earth Magic    | 1 2 3 |  3.0
Stealth        | 3 |  3.9
Dodging        | 3 |  3.7
Spellcasting   | |  4.4
Summonings     | |  1.1
Translocations | |  1.1
Air Magic      | |  0.9
Alchemy        | |  0.9

Action                     |  1- 3 |  4- 6 || total
---------------------------+-------+-------++-------
  Melee: Dagger            |     5 |       ||     5
   Cast: Magic Dart        |   120 |    52 ||   172
         Stone Arrow       |     1 |    12 ||    13
         Mephitic Cloud    |       |     2 ||     2
    Use: Scroll            |     3 |     2 ||     5
         Potion            |       |     1 ||     1
 Armour: Robe              |    16 |     9 ||    25
  Dodge: Dodged            |    15 |     5 ||    20

Table legend: (Time is in decaauts)
 A = Elapsed time spent in this place.
 B = Non-inter-level travel time spent in this place.
 C = Inter-level travel time spent in this place.
 D = Time resting spent in this place.
 E = Time spent auto-exploring this place.
 F = Levels seen in this place.
 G = Mean time per level.
                   A        B        C        D        E       F      G
               +--------+--------+--------+--------+--------+-----+--------+
         Total |   4318 |   4200 |    118 |    714 |   2806 |   4 | 1079.5 |
       Dungeon |   4318 |   4200 |    118 |    714 |   2806 |   4 | 1079.5 |
               +--------+--------+--------+--------+--------+-----+--------+

Top non-repeatable levels by time:
     D:3: 1712 daAuts
     D:1: 1465 daAuts
     D:2: 961 daAuts
     D:4: 179 daAuts
